 Dungeon Crawl Stone Soup version 0.21-a0-352-g5b8f553 (webtiles) character file.

71401 Hasart the Tainter (level 15, 0/90 HPs)
             Began as an Octopode Venom Mage on Oct 9, 2017.
             Was an Initiate of Gozag.
             Slain by a warg (10 damage)
             ... led by an orc high priest
             ... on level 1 of the Orcish Mines on Oct 11, 2017.
             The game lasted 02:18:18 (35244 turns).

Hasart the Tainter (Octopode Venom Mage)           Turns: 35244, Time: 02:18:19

Health: 0/90       AC:  4    Str: 10    XL:     15   Next: 36%
Magic:  21/29      EV: 16    Int: 23    God:    Gozag
Gold:   1385       SH: 14    Dex: 15    Spells: 8/34 levels left

rFire    . . .     SeeInvis .   m - +3 scimitar (freeze) (curse)
rCold    + + +     Gourm    .   I - +3 shield of Birdsong {rElec rPois rC+}
rNeg     . . .     Faith    .   (helmet restricted)
rPois    +         Spirit   .   (no amulet)
rElec    +         Reflect  .   l - +3 ring of protection
rCorr    .         Harm     .   x - ring of stealth
MR       +++..                  y - ring of poison resistance
Stlth    ++++......             M - +2 ring of strength
HPRegen  0.25/turn              H - ring of Liuc {rC+ MR+}
MPRegen  0.21/turn              W - ring of protection from magic
                                (no ring)
                                (no ring)

@: radiating poison, gold aura
A: almost no armour, stealthy swim, amphibious, 8 rings, constrict 8, tentacle
spike 2, camouflage 1, agile 1, cold resistance 1, gelatinous body 1, evolution
2
a: Potion Petition, Call Merchant, Bribe Branch, Renounce Religion


You were on level 1 of the Orcish Mines.
You worshipped Gozag.
Gozag was most pleased with you.
You were not hungry.

You visited 3 branches of the dungeon, and saw 21 of its levels.
You also visited: Labyrinth.

You collected 5931 gold pieces.
You spent 2249 gold pieces at shops.
You paid 2297 gold pieces to Gozag.

Inventory:

Hand Weapons
 m - a cursed +3 scimitar of freezing (weapon)
Armour
 I - the +3 shield of Birdsong (worn) {rElec rPois rC+}
   (You bought it in a shop on level 7 of the Dungeon)

   It protects you from cold.
   It insulates you from electricity.
   It protects you from poison.
Magical Staves
 G - an uncursed staff of death
Jewellery
 l - a +3 ring of protection (left tentacle)
 x - a ring of stealth (right tentacle)
 y - a ring of poison resistance (on tentacle)
 H - the ring of Liuc (on tentacle) {rC+ MR+}
   (You found it in a labyrinth)

   [ring of protection from cold]

   It protects you from cold.
   It affects your resistance to hostile enchantments.
 M - a +2 ring of strength (on tentacle)
 W - a ring of protection from magic (on tentacle)
Wands
 c - a wand of digging (0/24)
 o - a wand of iceblast (5/15)
 z - a wand of disintegration (12/24)
 J - a wand of scattershot (3/9)
 K - a wand of lightning (7/15)
 Q - a wand of paralysis (18/24)
Scrolls
 d - 20 scrolls of identify
 e - 5 scrolls of amnesia
 f - 3 scrolls of blinking
 g - 3 scrolls of fog
 h - 2 scrolls of enchant armour
 q - 4 scrolls of fear
 s - 4 scrolls of remove curse
 u - 3 scrolls of immolation
 w - 3 scrolls of teleportation
 U - 2 scrolls of magic mapping
Potions
 j - 7 potions of heal wounds
 n - a potion of mutation
 p - 2 potions of curing
 r - a potion of invisibility
 v - 2 potions of berserk rage
 B - 2 potions of ambrosia
 L - a potion of lignification
 O - a potion of resistance {unknown}
 P - a potion of might
Miscellaneous
 V - a box of beasts
Comestibles
 b - 12 bread rations
 C - 9 royal jellies


   Skills:
 - Level 4.3 Fighting
 - Level 2.4 Long Blades
   Level 2.0 Maces & Flails
 - Level 6.4 Dodging
 - Level 2.6 Stealth
 + Level 10.8 Shields
 + Level 10.2 Spellcasting
 * Level 10.1 Conjurations
 - Level 6.2 Summonings
 - Level 4.9 Ice Magic
 - Level 8.1 Air Magic
 - Level 6.4 Earth Magic
 + Level 12.1 Poison Magic
 - Level 7.7 Evocations


You had 8 spell levels left.
You knew the following spells:

 Your Spells              Type           Power        Failure   Level  Hunger
a - Stone Arrow           Conj/Erth      #####.       1%          3    None
b - Poisonous Vapours     Pois/Air       ######       1%          2    None
c - Mephitic Cloud        Conj/Pois/Air  ######..     1%          3    None
d - Olgreb's Toxic Radia  Pois           ######..     1%          4    #......
e - Summon Ice Beast      Ice/Summ       #####...     10%         4    #......
f - Summon Lightning Spi  Summ/Air       #####...     4%          4    #......
s - Poison Arrow          Conj/Pois      ######....   14%         6    ######.


Dungeon Overview and Level Annotations

Branches:
Dungeon (13/15)            Temple (0/1) D:6            Lair (6/6) D:10
 Shoals (0/4) Lair:2       Spider (0/4) Lair:2        Slime (0/5) Lair:6
    Orc (2/2) D:12
    Elf: Orc:2       Vaults: D:13-14

Altars:
Ashenzari
Dithmenos
Gozag
Okawaru
Ru
Trog
Xom
Yredelemnul
Zin
Jiyva

Shops:
D:5 !   D:7 *   D:10 =   D:11 *   D:13 *   Orc:1 *}   Lair:2 :

Annotations:
D:4 xomor's ghost, amateur TeAE


Innate Abilities, Weirdness & Mutations

You cannot wear most types of armour.
You are very stealthy in the water. (Stealth+)
You are amphibious.
You can wear up to eight rings at the same time.
You can use your tentacles to constrict eight enemies at once.
Your skin changes colour to match your surroundings (Stealth+).
Your rubbery body absorbs attacks. (AC +1, EV +1)
One of your tentacles bears a nasty spike.
You are agile. (Dex +2)
Your flesh is cold resistant. (rC+)
You rapidly evolve.


Message History

You kill the orc!
The orc priest is no longer distracted by gold.
The orc priest looks even sicker.
The sixfirhy is poisoned.
The orc priest looks even sicker.
The orc high priest looks even sicker.
The orc is poisoned.
The orc wizard looks even sicker.
The orc is no longer distracted by gold.
The warg closely misses you.
The orc warrior is distracted by the nearby gold.
The orc priest invokes the aid of Beogh against you.
Beogh smites you!
* * * LOW HITPOINT WARNING * * *
The orc wizard gestures at you while chanting.
The magic dart hits you!
* * * LOW HITPOINT WARNING * * *
You block the orc's attack. You block the orc wizard's attack.
The orc sorcerer is distracted by the nearby gold.
The orc high priest hits you but does no damage.
The warg bites you!
You die...
Your body crumbles into a pile of gold. # .. .$. $ ##.o . .ooo

o..
####oo####$o.T.
#..3.oo@hh.o#
#.....ooho.#...
#...##..o....∩.$
#.. ......#... #
...#....#.# o..#
.......$ $....
#.##### ...#. $
##


You could see 2 orc high priests, a troll, a sixfirhy, 3 wargs, an orc sorcerer
(unaware), 2 orc warriors, 5 orc priests, 3 orc wizards and 3 orcs.

Vanquished Creatures
  A stone giant (Orc:2)
  Snorg (Lair:3)
  A minotaur (Lab)
  Fannar (D:12)
  Erolcha (D:11)
  2 catoblepae (Lair:6)
  2 hydras
  A death yak (Lair:6)
  12 two-headed ogres
  3 ogre magi
  A tengu warrior (D:10)
  An orc high priest (Orc:2)
  A deep troll (Orc:2)
  3 unseen horrors
  A swamp dragon (Lair:6)
  A necromancer (Lair:5)
  2 manticores
  3 cyclopes
  7 black mambas
  5 elephants
  Joseph (D:10)
  A gargoyle (D:13)
  A centaur skeleton (D:12)
  6 spiny frogs
  5 komodo dragons
  3 kobold demonologists
  A jumping spider (Lair:2)
  6 trolls
  12 blink frogs
  6 hippogriffs
  7 dream sheep
  3 wyverns
  11 yaks
  A human (shapeshifter) (D:13)
  3 basilisks
  2 vampire mosquitoes (D:12)
  Grum (D:11)
  6 steam dragons
  Edmund (D:4)
  8 water moccasins
  20 porcupines
  15 orc warriors
  5 black bears
  2 ice beasts
  A sky beast (D:12)
  2 phantoms
  3 necrophages
  23 ogres
  6 wolves (D:10)
  An elephant zombie (Lair:5)
  15 crocodiles
  3 centaurs
  5 big kobolds
  13 bullfrogs
  A gnoll sergeant (D:10)
  A water moccasin zombie (D:6)
  8 scorpions
  A wyvern skeleton (D:11)
  A water moccasin skeleton (D:10)
  17 wights
  2 howler monkeys
  6 electric eels
  9 crimson imps
  A bullfrog zombie (D:11)
  5 hounds
  2 quasits
  A basilisk zombie (Lair:5)
  A bullfrog skeleton (D:11)
  2 centaur zombies
  10 orc priests
  A gnoll shaman (D:8)
  8 iguanas
  6 jellies
  14 orc wizards
  Terence (D:3)
  A hell rat (Lair:6)
  Ijyb (D:3)
  12 worker ants
  A hound zombie (D:9)
  A mummy (D:8)
  13 adders
  20 gnolls
  6 shadow imps
  9 oozes
  2 adder skeletons
  An adder zombie (D:8)
  6 worms
  10 leopard geckos
  75 orcs
  3 bats
  7 giant cockroaches
  7 goblins
  20 hobgoblins
  8 jackals
  9 quokkas
  3 ball pythons
  3 frilled lizards
  A jackal skeleton (D:6)
  32 kobolds
  A leopard gecko skeleton (D:6)
  4 rats
603 creatures vanquished.

Vanquished Creatures (collateral kills)
  2 hydras (Lair:6)
  4 death yaks
  A deep troll (Orc:2)
  2 manticores (Lair:6)
  4 black mambas
  A torpor snail (Lair:5)
  7 spiny frogs
  A komodo dragon (Lair:6)
  2 blink frogs (Lair:4)
  3 dream sheep (Lair:5)
  2 hippogriffs
  A basilisk (Lair:3)
  A steam dragon (Lair:6)
  6 water moccasins
  An acid dragon (Lair:6)
  An elephant zombie (Lair:5)
  A crocodile (Lair:6)
  A komodo dragon zombie (Lair:5)
  An iguana (Lair:6)
42 creatures vanquished.

Vanquished Creatures (others)
  A rime drake (Lair:6)
  A bush (D:10)
  14 fungi
  31 plants
  A withered plant (D:8)
48 creatures vanquished.

Grand Total: 693 creatures vanquished

Notes
Turn   | Place    | Note
-------+----------+-------------------------------------------
     0 | D:1      | Hasart the Octopode Venom Mage began the quest for the Orb.
     0 | D:1      | Reached XP level 1. HP: 11/11 MP: 3/3
   353 | D:1      | Reached XP level 2. HP: 7/17 MP: 0/5
   368 | D:1      | Learned a level 2 spell: Poisonous Vapours
   784 | D:1      | You fall through a shaft!
   791 | D:2      | Found a bloodstained altar of Trog.
   792 | D:2      | Found an iron altar of Okawaru.
   893 | D:2      | Reached skill level 4 in Poison Magic
   997 | D:2      | Reached skill level 1 in Air Magic
  1102 | D:2      | Reached XP level 3. HP: 21/21 MP: 0/6
  1957 | D:2      | Reached XP level 4. HP: 20/27 MP: 1/7
  1981 | D:2      | Learned a level 3 spell: Mephitic Cloud
  2469 | D:3      | Reached XP level 5. HP: 19/31 MP: 2/9
  2633 | D:3      | Noticed Terence
  2647 | D:3      | Killed Terence
  2931 | D:3      | Noticed Ijyb
  2943 | D:3      | Killed Ijyb
  3260 | D:3      | Reached skill level 5 in Poison Magic
  3286 | D:3      | Reached XP level 6. HP: 36/36 MP: 1/10
  3365 | D:3      | Upgraded the game from 0.21-a0-351-g38363bb to 0.21-a0-352-g5b8f553
  3453 | D:3      | Found a glowing silver altar of Zin.
  3454 | D:3      | Found an opulent altar of Gozag.
  3481 | D:3      | Became a worshipper of Gozag Ym Sagoz the Greedy
  3857 | D:4      | Noticed xomor's ghost (amateur TeAE)
  3879 | D:4      | Reached skill level 6 in Poison Magic
  3886 | D:4      | Noticed Edmund
  3988 | D:4      | Killed Edmund
  3988 | D:4      | Reached XP level 7. HP: 5/41 MP: 4/12
  4463 | D:5      | Entered Level 5 of the Dungeon
  4480 | D:5      | Found Kugesidgh's Distillery.
  4558 | D:5      | Reached skill level 7 in Poison Magic
  4697 | D:5      | Learned a level 4 spell: Olgreb's Toxic Radiance
  4826 | D:5      | Reached XP level 8. HP: 46/46 MP: 12/14
  5188 | D:5      | Reached skill level 1 in Maces & Flails
  5205 | D:5      | Bought a potion of heal wounds for 55 gold pieces
  5205 | D:5      | Bought a potion of curing for 33 gold pieces
  5342 | D:5      | Found a basalt altar of Yredelemnul.
  5353 | D:5      | Found a shattered altar of Ashenzari.
  5532 | D:6      | Reached skill level 5 in Air Magic
  5669 | D:6      | Reached skill level 8 in Poison Magic
  6969 | D:6      | Found a staircase to the Ecumenical Temple.
  7483 | D:7      | Reached skill level 5 in Spellcasting
  7483 | D:7      | Reached XP level 9. HP: 44/51 MP: 11/16
  7517 | D:7      | Reached skill level 1 in Long Blades
  7517 | D:7      | Reached skill level 9 in Poison Magic
  7784 | D:7      | Reached skill level 1 in Evocations
  8511 | D:8      | Noticed a two-headed ogre
  8530 | D:8      | Killed a two-headed ogre
  9012 | D:8      | Reached skill level 10 in Poison Magic
  9022 | D:8      | Reached skill level 1 in Fighting
  9221 | D:8      | Reached XP level 10. HP: 58/58 MP: 8/18
  9832 | D:9      | Reached skill level 5 in Dodging
 10164 | D:9      | Found a sacrificial altar of Ru.
 11164 | D:10     | Entered Level 10 of the Dungeon
 11278 | D:10     | Noticed a tengu warrior
 11287 | D:10     | Killed a tengu warrior
 11477 | D:10     | Killed an unseen horror
 11790 | D:10     | Noticed Joseph
 11798 | D:10     | Reached XP level 11. HP: 58/67 MP: 2/20
 11961 | D:10     | Reached skill level 5 in Conjurations
 11961 | D:10     | Reached skill level 5 in Evocations
 13205 | D:10     | Killed Joseph
 13316 | D:10     | Found a staircase to the Lair.
 13688 | D:7      | Bought a shimmering shield for 285 gold pieces
 13693 | D:7      | Identified the +3 shield of Birdsong {rElec rPois rC+} (You bought it in a shop on level 7 of the Dungeon)
 14095 | D:10     | Found a shimmering altar of Xom.
 14592 | Lair:1   | Entered Level 1 of the Lair of Beasts
 14801 | Lair:1   | Reached skill level 1 in Shields
 14975 | Lair:1   | Learned a level 4 spell: Summon Lightning Spire
 15306 | Lair:1   | Reached skill level 1 in Summonings
 16587 | Lair:2   | Found a hole to the Spider Nest.
 16639 | Lair:2   | HP: 1/70 [black mamba (14)]
 17060 | Lair:2   | Reached XP level 12. HP: 30/75 MP: 12/23
 17300 | Lair:2   | Found a staircase to the Shoals.
 17878 | Lair:2   | Learned a level 4 spell: Summon Ice Beast
 18013 | Lair:2   | Reached skill level 5 in Summonings
 18013 | Lair:2   | Reached XP level 13. HP: 80/80 MP: 23/25
 18014 | Lair:2   | Gained mutation: You evolve. [potion of mutation]
 18014 | Lair:2   | Gained mutation: Your flesh is cold resistant. (rC+) [potion of mutation]
 18014 | Lair:2   | Gained mutation: You are agile. (Dex +2) [potion of mutation]
 18014 | Lair:2   | Gained mutation: One of your tentacles bears a spike. [potion of mutation]
 18667 | Lair:3   | Learned a level 3 spell: Stone Arrow
 18678 | Lair:3   | Noticed Snorg
 18707 | Lair:3   | Killed Snorg
 18707 | Lair:3   | Reached skill level 1 in Earth Magic
 18783 | Lair:3   | Found a labyrinth entrance.
 18792 | Lab      | Entered a labyrinth
 19859 | Lab      | Gained mutation: One of your tentacles bears a nasty spike. [evolution]
 20247 | Lab      | Noticed a minotaur
 20266 | Lab      | Killed a minotaur
 20278 | Lab      | Got a bound jade ring
 20279 | Lab      | Identified the ring of Liuc {rC+ MR+} (You found it in a labyrinth)
 24878 | Lair:6   | Entered Level 6 of the Lair of Beasts
 26366 | Lair:6   | Reached XP level 14. HP: 86/86 MP: 16/26
 26519 | Lair:6   | Reached skill level 5 in Earth Magic
 27605 | Lair:6   | Gained mutation: You rapidly evolve. [evolution]
 28490 | Lair:6   | Found a viscous altar of Jiyva.
 28490 | Lair:6   | Found a staircase to the Slime Pits.
 29771 | D:11     | Noticed Grum
 29788 | D:11     | Killed Grum
 29977 | D:11     | Found Suureock's Assorted Antiques.
 30091 | D:11     | Noticed Erolcha
 30097 | D:11     | Killed Erolcha
 30097 | D:11     | Reached skill level 11 in Poison Magic
 30220 | D:11     | Found a shadowy altar of Dithmenos.
 31502 | D:12     | Noticed Fannar
 31521 | D:12     | Killed Fannar
 31591 | D:12     | Found a staircase to the Orcish Mines.
 31728 | Orc:1    | Entered Level 1 of the Orcish Mines
 31837 | Lair:2   | Bought a book of Annihilations for 1876 gold pieces
 31860 | Lair:2   | Learned a level 6 spell: Poison Arrow
 31950 | Orc:1    | Found Tuacs's Assorted Antiques.
 32091 | Orc:2    | Entered Level 2 of the Orcish Mines
 32103 | Orc:2    | Reached skill level 10 in Shields
 33286 | Orc:2    | Reached XP level 15. HP: 73/90 MP: 6/28
 33929 | D:13     | Found Fufusch's Assorted Antiques.
 34247 | D:13     | Reached skill level 10 in Spellcasting
 34413 | D:13     | Reached skill level 12 in Poison Magic
 34439 | D:13     | Got a crude lajatang {holy}
 34440 | D:13     | Identified the +6 lajatang "Aprall" {holy, +Fly Int+2} (You took it off a kobold demonologist on level 13 of the Dungeon)
 34960 | Orc:2    | Reached skill level 10 in Conjurations
 35241 | Orc:1    | Found Jemp's Quality Used Wands.
 35244 | Orc:1    | Slain by a warg

Vault maps used:
D:1:      mrwooster_arrival_statue_3, minmay_pentomino_z2
D:2:      chequers_temple_overflow_statue_of_worship, first_bread
D:3:      grunt_temple_overflow_gold_and_silver, uniq_ijyb, uniq_terence
D:4:      uniq_edmund
D:5:      amethyst_overflow_temple_binary, serial_shops, shop
D:6:      corexii_shantytown, temple_hall
D:8:      serial_undead, serial_undead_b, serial_undead_f, serial_undead_d,
          serial_undead_c
D:9:      basic_altar, hangedman_little_slice_of_home
D:10:     minmay_lair_entry_grove, basic_altar, uniq_nergalle, uniq_joseph
D:11:     serial_shops, nicolae_shop_overgrown_old_shop,
          nicolae_dithmenos_the_darkroom, uniq_erolcha, uniq_grum
D:12:     orc_0_dummy, uniq_fannar
D:13:     serial_shops, shop, shop, shop,
          nicolae_shop_temple_entry_statues_fountains
Lair:1:   st_stairs_9, beast_lair_carwin_7
Lair:2:   minmay_shoals_entry_beasts, spider_nest_entry_rubble
Lair:3:   lab_entry_generic, serial_bayou_shore_b, uniq_snorg
Lair:4:   serial_bayou_shore_a
Lair:5:   pond_and_an_island_with_a_cottage, minmay_stone_trees_large,
          lemuel_fruit_fields
Lair:6:   hangedman_lair_in_review, guppyfry_lair_end_dragon,
          dpeg_slime_entry_enclosed_altar
Orc:1:    serial_shops, shop_fountains, special_room, nicolae_for_you_no_charge,
          uniq_maurice
Orc:2:    st_orc_open, lightli_orcish_oven

Skill      XL: |  1  2  3  4  5  6  7  8  9 10 11 12 13 14 15 |
---------------+----------------------------------------------+-----
Poison Magic   | 4 5 6 7 8 10 11 12 | 12.1
Air Magic      | 1 2 3 4 5 6 7 8 |  8.1
Spellcasting   | 3 4 5 6 7 8 9 10 | 10.2
Maces & Flails | 2 |  2.0
Dodging        | 3 4 5 6 |  6.4
Long Blades    | 2 |  2.4
Evocations     | 3 4 6 7 |  7.7
Fighting       | 1 3 4 |  4.3
Conjurations   | 4 5 6 9 10 | 10.1
Shields        | 3 6 8 10 | 10.8
Summonings     | 3 5 6 |  6.2
Ice Magic      | 2 4 |  4.9
Earth Magic    | 4 6 |  6.4
Stealth        | |  2.6

Action                   |  1- 3 |  4- 6 |  7- 9 | 10-12 | 13-15 || total
-------------------------+-------+-------+-------+-------+-------++-------
Melee: Unarmed           |    22 |       |       |       |       ||    22
       Constrict         |    13 |    19 |    49 |    52 |    76 ||   209
       Tentacles         |     7 |    17 |    29 |    57 |    99 ||   209
       Whip              |    30 |     9 |       |       |       ||    39
       Dagger            |       |    76 |     3 |       |       ||    79
       Dire flail        |       |       |   113 |       |       ||   113
       Falchion          |       |       |    81 |       |       ||    81
       Scimitar          |       |       |    11 |   273 |   430 ||   714
       Kick              |       |       |       |       |   150 ||   150
 Cast: Sting             |    31 |    20 |     2 |       |       ||    53
       Poisonous Vapours |    16 |    51 |    95 |   145 |   230 ||   537
       Mephitic Cloud    |       |       |     1 |    25 |    57 ||    83
       Olgreb's Toxic Ra |       |       |       |    13 |    43 ||    56
       Summon Lightning  |       |       |       |     3 |    16 ||    19
       Summon Ice Beast  |       |       |       |       |    78 ||    78
       Stone Arrow       |       |       |       |       |   153 ||   153
Invok: Call Merchant     |       |       |     1 |     1 |     1 ||     3
       Potion Petition   |       |       |       |     1 |       ||     1
Evoke: Wand              |       |       |       |    15 |     1 ||    16
  Use: Scroll            |       |     5 |     6 |     6 |     4 ||    21
       Potion            |       |       |     1 |     5 |     9 ||    15
 Stab: Sleeping          |     3 |     6 |    23 |    11 |     5 ||    48
       Distracted        |       |       |     1 |     2 |     5 ||     8
       Confused          |       |       |       |     6 |    16 ||    22
  Eat: Chunk             |     4 |     8 |       |       |       ||    12
       Meat ration       |       |       |     2 |     5 |     7 ||    14
       Fruit             |       |       |     4 |     5 |    14 ||    23
       Royal jelly       |       |       |     5 |       |     7 ||    12
Armor: Skin              |     4 |     6 |    25 |    40 |    42 ||   117
Dodge: Dodged            |    27 |    60 |   164 |   164 |   247 ||   662
Block: Shield            |       |       |       |    24 |   303 ||   327
       Rpst.: Falchion   |       |       |    23 |       |       ||    23
       Scimitar          |       |       |     2 |    50 |    64 ||   116

Table legend:
 A = Spawn XP
 B = Non-spawn XP
 C = Spawn XP percentage of total XP
 D = Spawn monster count
 E = Non-spawn monster count
 F = Spawn count percentage of total count
 G = Total turns spent on level
                    A         B        C        D         E        F      G
               +---------+---------+-------+---------+---------+-------+---------
         Total |       0 |   87081 |   0.0 |       0 |     645 |   0.0 | 35244
               +---------+---------+-------+---------+---------+-------+---------
           D:1 |       0 |      17 |   0.0 |       0 |      10 |   0.0 |   784
           D:2 |       0 |     108 |   0.0 |       0 |      22 |   0.0 |  1510
           D:3 |       0 |     240 |   0.0 |       0 |      37 |   0.0 |  1295
           D:4 |       0 |     443 |   0.0 |       0 |      20 |   0.0 |   874
           D:5 |       0 |     498 |   0.0 |       0 |      20 |   0.0 |   936
           D:6 |       0 |     864 |   0.0 |       0 |      50 |   0.0 |  1704
           D:7 |       0 |     745 |   0.0 |       0 |      13 |   0.0 |  1215
           D:8 |       0 |    2088 |   0.0 |       0 |      35 |   0.0 |  1517
           D:9 |       0 |    1605 |   0.0 |       0 |      31 |   0.0 |  2693
          D:10 |       0 |    6609 |   0.0 |       0 |      60 |   0.0 |  2456
          D:11 |       0 |    4136 |   0.0 |       0 |      29 |   0.0 |  1385
          D:12 |       0 |    3548 |   0.0 |       0 |      32 |   0.0 |   950
          D:13 |       0 |    9574 |   0.0 |       0 |      42 |   0.0 |   947
        Lair:1 |       0 |    4926 |   0.0 |       0 |      26 |   0.0 |  1760
        Lair:2 |       0 |    3731 |   0.0 |       0 |      14 |   0.0 |  2404
        Lair:3 |       0 |    4508 |   0.0 |       0 |      18 |   0.0 |  1476
        Lair:4 |       0 |    4428 |   0.0 |       0 |      20 |   0.0 |  1105
        Lair:5 |       0 |    5675 |   0.0 |       0 |      29 |   0.0 |  2581
        Lair:6 |       0 |   15526 |   0.0 |       0 |      54 |   0.0 |  3758
         Orc:1 |       0 |    2994 |   0.0 |       0 |      16 |   0.0 |  1083
         Orc:2 |       0 |   13917 |   0.0 |       0 |      66 |   0.0 |  1074
           Lab |       0 |     901 |   0.0 |       0 |       1 |   0.0 |  1737
               +---------+---------+-------+---------+---------+-------+---------
